 Dungeon Crawl Stone Soup version 0.24.0-123-gd5b16e6ec5 (webtiles) character file.

Game seed: 16457183824381473172, levelgen mode: deterministic

45 1994 the Grave Robber (level 3, 0/28 HPs)
             Began as a Demigod Necromancer on Dec 29, 2019.
             Succumbed to a worker ant's poison
             ... on level 2 of the Dungeon.
             The game lasted 00:04:48 (1526 turns).

1994 the Grave Robber (Demigod Necromancer)         Turns: 1526, Time: 00:04:48

Health: 0/28       AC:  4    Str: 13    XL:     3   Next: 25%
Magic:  1/9        EV: 12    Int: 19    God:
Gold:   26         SH:  0    Dex: 16    Spells: 4/6 levels left

rFire    . . .     SeeInvis .   d - +0 dagger (protect)
rCold    . . .     Gourm    .   (no shield)
rNeg     . . .     Faith    .   m - +0 leather armour
rPois    .         Spirit   .   e - +0 helmet
rElec    .         Reflect  .   (no cloak)
rCorr    .         Harm     .   (no gloves)
MR       .....                  (no boots)
Stlth    ++........             (no amulet)
HPRegen  0.09/turn              (no ring)
MPRegen  0.11/turn              (no ring)

@: lethally poisoned (0 -> -11), very slightly contaminated, hasted, invisible,
very quick
A: high mp 1
a: no special abilities


You were on level 2 of the Dungeon.
You were not hungry.

You visited 1 branch of the dungeon, and saw 2 of its levels.

You collected 26 gold pieces.

Inventory:

Hand Weapons
 d - a +0 dagger of protection (weapon)
Missiles
 b - 29 stones (quivered)
 h - 22 sling bullets
Armour
 a - a +0 robe
 e - a +0 helmet (worn)
 m - a +0 leather armour (worn)
Scrolls
 g - a scroll of enchant weapon {unknown}
 i - 4 scrolls of identify {unknown}
 j - a scroll of fear {unknown}
Comestibles
 c - 2 rations
 k - 5 chunks of flesh


   Skills:
 + Level 1.1 Fighting
 + Level 2.3 Dodging
 - Level 1.7 Stealth
 + Level 2.3 Spellcasting
 + Level 3.9 Necromancy


You had 4 spell levels left.
You knew the following spells:

 Your Spells              Type           Power        Failure   Level  Hunger
a - Pain                  Necr           ###.         4%          1    #......
b - Animate Skeleton      Necr           N/A          4%          1    #......

Your spell library contained the following spells:

 Spells                   Type           Power        Failure   Level  Hunger
 Vampiric Draining        Necr           ###.......   12%         3    ###....
 Regeneration             Chrm/Necr      #.........   28%         3    ###....
 Animate Dead             Necr           N/A          38%         4    #####..


Dungeon Overview and Level Annotations

Branches:
Dungeon (2/15)


Innate Abilities, Weirdness & Mutations

You have an increased reservoir of magic. (+10% MP)


Message History

You fade into invisibility!
* * * LOW HITPOINT WARNING * * *
You feel sick. The worker ant misses you.
You are very lightly contaminated with residual magic.
It was a potion of haste.
You feel yourself speed up.
* * * LOW HITPOINT WARNING * * *
You feel sick. The worker ant barely misses you.
Casting: Pain (safe; 4% risk of failure)
Confirm with . or Enter, or press ? or * to list all spells.
Aiming: Pain (safe; 4% risk of failure)
Press: ? - help, Shift-Dir - straight line, f/p - worker ant
Aim: a worker ant (almost dead, chance to defeat MR: 82%)
The worker ant barely resists.
The worker ant barely misses you.
Casting: Pain (safe; 4% risk of failure)
Confirm with . or Enter, or press ? or * to list all spells.
Aiming: Pain (safe; 4% risk of failure)
Press: ? - help, Shift-Dir - straight line, f/p - worker ant
Aim: a worker ant (almost dead, chance to defeat MR: 82%)
The worker ant barely resists.
You die...

... $..#. .... .$... ...
#...# ..# #########....#
#.#####..........%.#
####.##...............#
...#.##.##.#####..#####
.........÷.####.@##
........##.#.....a...!..
...........#..#.........
####.####...#.#...#.....
#...##...#...#.#[....
#(#.#.....#..#.. ....
#.#.#.....#..... #..
####.#.#......#. ... ..
.......#...÷..#.


You could see a worker ant.

Vanquished Creatures
  3 oozes
  2 giant cockroaches (D:1)
  2 hobgoblins
  5 jackals (D:1)
  6 bats
  3 frilled lizards
  7 goblins
  A kobold (D:1)
  3 rats (D:1)
32 creatures vanquished.

Notes
Turn   | Place    | Note
-------+----------+-------------------------------------------
     0 | D:1      | 1994 the Demigod Necromancer began the quest for the Orb.
     0 | D:1      | Reached XP level 1. HP: 14/14 MP: 5/5
   398 | D:1      | Reached XP level 2. HP: 22/22 MP: 7/7
   512 | D:1      | Learned a level 1 spell: Animate Skeleton
  1128 | D:1      | Reached skill level 1 in Fighting
  1197 | D:1      | Reached XP level 3. HP: 25/28 MP: 3/8
  1523 | D:2      | HP: 1/28 [poisoned by a worker ant]
  1526 | D:2      | Succumbed to a worker ant's poison

Levels and vault maps discovered:
D:1:      erik_arrival_gehennom, layout_basic, solitary_fountain
D:2:      layout_rooms, first_ration, hangedman_decor_peaks_small,
          palyth_stone_intersect, minmay_misc_feat_rugged, serial_bayou_lagoon_a

Skill      XL: |  1  2 |
---------------+-------+-----
Dodging        | 2 |  2.3
Spellcasting   | 2 |  2.3
Fighting       | 1 |  1.1
Stealth        | |  1.7
Necromancy     | |  3.9

Action                   || total
-------------------------++-------
Melee: Dagger            ||    50
Throw: Stone             ||     3
 Cast: Pain              ||    49
  Use: Potion            ||     2
 Stab: Sleeping          ||     3
  Eat: Chunk             ||     2
Armor: Robe              ||    21
Dodge: Dodged            ||    42
